cohdb
Replays
Latest Replays
All Replays
Popular Replays
Top Player Replays
Match Explorer
How It Works
Community
CoH3 Stats
Reddit
Sign in to upload your games and track your stats! →
Sign in with Steam
Match 44893301
Unlisted
Match 44893301
Overview
Messages
Build Orders
End
Pioneer Squad
Pioneer Squad
Construct Infanterie Kompanie
Grenadier Squad
MG 42 Machine Gun Team
MG 42 Machine Gun Team
Grenadier Squad
Construct Luftwaffe Kompanie
221 Scout Car
Medical Bunker
221 Scout Car
Selects Mechanized Battlegroup
Selects Raid Package
Selects Mobile Repair Stations
Jäger Squad
Jäger Squad
Support Elements
MG 42 Machine Gun Team
Wirbelwind Flakpanzer
Wirbelwind Flakpanzer
Side Skirts
Selects StuG Assault Group
Luftwaffe Officer Quarters
Selects Panther Heavy Tank
Liberator4515
Gunther
0
0
Comments
sign in to comment!
No comments posted yet!